 Dungeon Crawl Stone Soup version 0.29.0-4-gdea44cf6ec (webtiles) character file.

Game seed: 10609045779474853315

65 qw the Chopper (level 3, 0/29 HPs)
             Began as a Demonspawn Cinder Acolyte on Sept 9, 2022.
             Was a High Priest of Ignis.
             Slain by an ogre
             ... wielding a +0 giant spiked club
              (6 damage)
             ... on level 3 of the Dungeon.
             The game lasted 00:00:47 (2560 turns).

qw the Chopper (Demonspawn Cinder Acolyte)          Turns: 2560, Time: 00:00:47

Health: 0/29       AC: 15    Str: 18 (20) XL:     3   Next: 94%
Magic:  4/4        EV: 10    Int: 15      God:    Ignis [*****.]
Gold:   115        SH:  0    Dex:  6 (8)  Spells: 4/4 levels left

rFire   + . .      SeeInvis .   Y - +0 hand axe (flame)
rCold   . . .      Faith    .   (no shield)
rNeg    . . .      Spirit   .   m - +0 ring mail
rPois   .          Reflect  .   (no helmet)
rElec   .          Harm     .   c - +2 cloak
rCorr   +          Rampage  .   (no gloves)
Will    .....                   (no boots)
Stlth   ..........              (no amulet)
HPRegen 0.09/turn               l - ring "Fiesof" {rCorr Str+4}
MPRegen 0.09/turn               (no ring)

@: fiery-armoured
A: demonic magic 1, weakness stinger 1
a: Renounce Religion, Fiery Armour, Foxfire Swarm, Rising Flame


You were on level 3 of the Dungeon.
You worshipped Ignis.
Ignis was extremely pleased with you.
You visited 1 branch of the dungeon, and saw 3 of its levels.

You collected 115 gold pieces.


Innate Abilities, Weirdness & Mutations

Spells you cast may paralyse adjacent enemies.
You have a small tail.


   Skills:
 - Level 3.0 Fighting
 + Level 4.4 Axes
 - Level 1.0 Spellcasting
 - Level 2.6 Fire Magic


You had 4 spell levels left.
You didn't know any spells.
Your spell library contained the following spells:

 Spells                   Type           Power      Damage    Failure   Level
 Scorch                   Fire           16%        2d5       22%         2

Inventory:

Hand Weapons
 Y - a +0 hand axe of flaming (weapon)
Armour
 c - a +2 cloak (worn)
 m - a +0 ring mail (worn)
Jewellery
 l - the ring "Fiesof" (left hand) {rCorr Str+4}
   (You found it on level 2 of the Dungeon)

   [ring of resist corrosion]

   Str:       It affects your strength (+4).
   rCorr:     It protects you from acid and corrosion.
Scrolls
 a - a scroll of identify
Potions
 b - a potion of resistance {unknown}
 g - a potion of lignification {unknown}
 h - a potion of haste
 j - a potion of curing {unknown}
 k - a potion of ambrosia {unknown}
 n - 2 potions of cancellation {unknown}

Dungeon Overview and Level Annotations

Branches:
Dungeon (3/15)

Altars:
Gozag
Hepliaklqana
Trog


Message History

Your tail-slap misses the frilled lizard.
The frilled lizard barely misses you.
You hit the frilled lizard. You burn the frilled lizard.
You kill the frilled lizard!
You closely miss the frilled lizard. The frilled lizard barely misses you.
You hit the frilled lizard. You burn the frilled lizard.
You kill the frilled lizard!
You barely miss the orc. The orc closely misses you.
You hit the orc. You burn the orc.
The orc is heavily wounded.
The orc misses you.
You closely miss the orc. You tail-slap the orc.
You kill the orc!
You see here a frilled lizard corpse.
Things that are here:
a +0 short sword; an orc corpse; a frilled lizard corpse An ogre comes into view.
It is wielding a +0 giant spiked club.
The ogre shouts!
A quokka comes into view.
The quokka moves out of view.
You hit the ogre. You burn the ogre.
The ogre is moderately wounded.
The ogre hits you with a +0 giant spiked club!!
Ouch! That really hurt!
2556 ||| INVOKING Fiery Armour.
A protective cloak of flame settles atop you.
You closely miss the ogre.
The ogre is lightly wounded.
The ogre barely misses you.
You hit the ogre. You burn the ogre.
The ogre is moderately wounded.
The ogre closely misses you.
You hit the ogre. You burn the ogre.
The ogre is heavily wounded.
You hit the ogre. You burn the ogre.
Your tail-slap misses the ogre.
The ogre is severely wounded.
The ogre hits you with a +0 giant spiked club.
You die...

.~.~.#......##
.~.~.#.##.#.>##
.
~~.~...##.##..#
.# .~.##
#.###.## ..##
~~. #.# #..#
###.... .. #.#
##.# .....# #.#
#.##....# #..
#%).O...# ##.
###@....# .
##....# .)..#
.(..# ....#
....# ## ....#
.. ##### ##


You could see an ogre.

Vanquished Creatures
  A gnoll (D:1)
  An adder (D:2)
  2 dart slugs (D:1)
  2 orcs (D:3)
  4 endoplasms
  A giant cockroach (D:2)
  8 goblins
  A hobgoblin (D:2)
  2 quokkas
  3 ball pythons
  3 bats
  6 frilled lizards
  4 kobolds
  2 rats (D:1)
40 creatures vanquished.

Notes
Turn   | Place    | Note
-------+----------+-------------------------------------------
     0 | D:1      | qw the Demonspawn Cinder Acolyte began the quest for the
                  | Orb.
     0 | D:1      | Reached XP level 1. HP: 18/18 MP: 2/2
     0 | D:1      | 0 ||| qw: Version: 0.1-a-113-g051387a
     0 | D:1      | 0 ||| qw: Game counter: 6945
     0 | D:1      | 0 ||| qw: Always use a shield: true
     0 | D:1      | 0 ||| qw: God list: Okawaru
     0 | D:1      | 0 ||| qw: Allow faded altars: false
     0 | D:1      | 0 ||| qw: Do Orc after D:15 true
     0 | D:1      | 0 ||| qw: Do second Lair branch before Depths: true
     0 | D:1      | 0 ||| qw: Lair rune preference: random
     0 | D:1      | 0 ||| qw: Plans: Normal
     0 | D:1      | 0 ||| PLANNING D:1-11
   199 | D:1      | Reached skill level 3 in Axes
   221 | D:1      | Found a faded altar of an unknown god.
   363 | D:1      | Gained mutation: You have a small tail. [demonic ancestry]
   363 | D:1      | Reached XP level 2. HP: 14/24 MP: 3/3
   680 | D:1      | 680 ||| INVOKING Fiery Armour.
  1138 | D:1      | 1138 ||| Stepping ~*~*~tactically~*~*~ (hiding).
  1144 | D:1      | Gained mutation: Spells you cast may paralyse adjacent
                  | enemies. [demonic ancestry]
  1144 | D:1      | Reached XP level 3. HP: 29/29 MP: 4/4
  1429 | D:1      | 1429 ||| UPGRADING to +2 cloak.
  1434 | D:1      | 1434 ||| UPGRADING to +0 ring mail.
  1444 | D:1      | 1444 ||| DROPPING +0 robe.
  1445 | D:1      | 1445 ||| DROPPING amulet of magic regeneration.
  1446 | D:1      | 1446 ||| DROPPING ring of flight.
  1447 | D:1      | 1447 ||| READING 2 scrolls labelled NATROXZ DUNAPLOD.
  1448 | D:1      | 1448 ||| READING scroll labelled ULUDUS SEUHE.
  1449 | D:1      | 1449 ||| DRINKING 2 ruby potions.
  1450 | D:1      | 1450 ||| DROPPING potion of degeneration.
  1492 | D:2      | 1492 ||| STAIRDANCE
  1507 | D:2      | 1507 ||| STAIRDANCE
  1649 | D:2      | 1649 ||| Stepping ~*~*~tactically~*~*~ (stealth).
  1661 | D:2      | Reached skill level 4 in Axes
  1663 | D:2      | 1663 ||| FLEEEEING.
  1664 | D:2      | 1664 ||| FLEEEEING.
  1665 | D:2      | 1665 ||| FLEEEEING.
  1666 | D:2      | 1666 ||| FLEEEEING.
  1667 | D:2      | 1667 ||| FLEEEEING.
  1668 | D:2      | 1668 ||| FLEEEEING.
  1669 | D:2      | 1669 ||| FLEEEEING.
  1672 | D:2      | 1672 ||| STAIRDANCE
  1706 | D:2      | 1706 ||| STAIRDANCE
  1790 | D:2      | 1790 ||| Stepping ~*~*~tactically~*~*~ (stealth).
  1938 | D:2      | Found an opulent altar of Gozag.
  2068 | D:2      | Identified the ring "Fiesof" {rCorr Str+4}
  2317 | D:2      | 2317 ||| UPGRADING to ring "Fiesof" {rCorr Str+4}.
  2318 | D:2      | 2318 ||| READING scroll labelled LEXKI SOMIOW.
  2321 | D:2      | 2321 ||| READING scroll labelled HACWACEDGH HIRO.
  2322 | D:2      | 2322 ||| READING scroll labelled CIETAWENETT.
  2323 | D:2      | 2323 ||| READING scroll labelled RYOZUY ZURANN.
  2324 | D:2      | 2324 ||| DRINKING 2 fizzy ruby potions.
  2325 | D:2      | 2325 ||| READING 2 scrolls of identify.
  2325 | D:2      | 2325 ||| IDENTIFYING bubbling ruby potion
  2326 | D:2      | 2326 ||| DROPPING potion of magic.
  2430 | D:3      | Found a bloodstained altar of Trog.
  2510 | D:3      | Found a hazy altar of Hepliaklqana.
  2536 | D:3      | 2536 ||| Stepping ~*~*~tactically~*~*~ (stealth).
  2549 | D:3      | Noticed an ogre
  2555 | D:3      | HP: 6/29 [ogre/+0 giant spiked club (23)]
  2556 | D:3      | 2556 ||| INVOKING Fiery Armour.
  2560 | D:3      | Slain by an ogre

Levels and vault maps discovered:
D:1:      roderic_octagonal_star, layout_loops_ring,
          hellmonk_ecumenical_altar_leap_of_faith
D:2:      layout_rooms, basic_altar
D:3:      layout_rooms, mainiacjoe_overflow_catwalk_spiral

Skill      XL: |  1  2  3 |
---------------+----------+-----
Axes           | 3 4 |  4.4
Fighting       | |  3.0
Spellcasting   | |  1.0
Fire Magic     | |  2.6

Action                   || total
-------------------------++-------
Melee: Hand axe          ||   134
       Tailslap          ||    10
Invok: Fiery Armour      ||     2
  Use: Scroll            ||     7
       Potion            ||     2
Armor: Robe              ||     6
       Ring mail         ||    29
Dodge: Dodged            ||    68

Table legend:
 A = Non-vault XP
 B = Vault XP
 C = Vault XP percentage of total XP
 D = Non-vault monster count
 E = Vault monster count
 F = Vault count percentage of total count
                 A         B        C        D         E       F
            +---------+---------+-------+---------+---------+-------
      Total |      94 |       0 |   0.0 |      40 |       0 |   0.0
            +---------+---------+-------+---------+---------+-------
        D:1 |      46 |       0 |   0.0 |      18 |       0 |   0.0
        D:2 |      35 |       0 |   0.0 |      15 |       0 |   0.0
        D:3 |      13 |       0 |   0.0 |       7 |       0 |   0.0
            +---------+---------+-------+---------+---------+-------
